 Dungeon Crawl Stone Soup version 0.30.2 (webtiles) character file.

Game seed: 14652525868828024232

338 porpoise the Shooter (level 6, 0/49 (56) HPs)
             Began as a Minotaur Hunter on Mar 27, 2024.
             Slain by a wight
             ... wielding a +0 mace
              (2 damage)
             ... on level 3 of the Dungeon.
             The game lasted 00:08:01 (2923 turns).

porpoise the Shooter (Minotaur Hunter)              Turns: 2923, Time: 00:08:01

HP:   0/49 (56)     AC:  3    Str: 16    XL:     6   Next: 29%
MP:   5/5           EV: 12    Int:  6    God:
Gold: 99            SH:  0    Dex: 15    Spells: 5/5 levels left

rFire   . . .        a - +0 shortbow
rCold   + . .        (shield currently unavailable)
rNeg    . . .        c - +0 leather armour
rPois   .            (helmet restricted)
rElec   .            (no cloak)
rCorr   .            (no gloves)
SInv    .            (no boots)
Will    .....        (no amulet)
Stlth   +            n - ring of protection from cold
HPRegen 0.28/turn    (no ring)
MPRegen 0.09/turn

%: no passive effects
@: heavily drained
A: horns 2, retaliatory headbutt
a: no special abilities


You were on level 3 of the Dungeon.
You visited 1 branch of the dungeon, and saw 4 of its levels.

You collected 99 gold pieces.

Inventory:

Hand Weapons
 a - a +0 shortbow (weapon)
 b - a +0 war axe
Missiles
 g - 9 poisoned darts
Armour
 c - a +0 leather armour (worn)
Jewellery
 k - a +6 ring of intelligence
 n - a ring of protection from cold (left hand)
Scrolls
 d - a scroll of immolation
 h - a scroll of enchant weapon {unknown}
 i - a scroll of teleportation
 m - a scroll of fear {unknown}
 o - a scroll of poison {unknown}
Potions
 e - 2 potions of curing
 f - a potion of berserk rage {unknown}
 j - 3 potions of haste
 l - a potion of mutation


   Skills:
 + Level 5.0 Fighting
 * Level 7.3 Ranged Weapons
 - Level 2.1 Dodging
 - Level 0.7 Stealth


You had 5 spell levels left.
You didn't know any spells.
Your spell library contained the following spells:

 Spells                   Type           Power      Damage    Failure   Level
 Kiss of Death            Conj/Necr      0%         2d5       52%         1
 Sublimation of Blood     Necr           0%         N/A       67%         2
 Wereblood                Tmut           0%         N/A       67%         2
 Confusing Touch          Hex            0%         N/A       88%         3
 Dispel Undead            Necr           0%         3d6       99%         4
 Summon Hydra             Summ           0%         N/A       100%        7


Dungeon Overview and Level Annotations

Branches:
Dungeon (4/15)
 Temple: D:4-7

Altars:
Okawaru
Qazlal
Wu Jian


Innate Abilities, Weirdness & Mutations

You have a pair of horns on your head.
You reflexively headbutt those who attack you in melee.


Message History

The arrow hits the wight but does no damage.
You shoot an arrow. The arrow hits the wight.
The wight is moderately damaged.
You shoot an arrow.
The arrow hits the wight but does no damage.
The wight is moderately damaged.
Fire: a) +0 shortbow
Press: ? - help, Shift-Dir - straight line, f/p - wight
Aim: a wight, wielding a +0 mace and wearing a +0 robe (moderately damaged, 64% to hit)
There is a stone staircase leading up here.
You shoot an arrow.
The arrow hits the wight but does no damage.
The wight is moderately damaged.
The wight hits you with a +0 mace!
You feel drained. The wight hits you with a +0 mace.
The wight closely misses you.
You climb upwards.
There is a stone staircase leading down here.
The wight attacks as you move away!
The wight hits you with a +1 great sword of freezing!
The wight freezes you. The wight hits you with a +0 mace!
* * * LOW HITPOINT WARNING * * *
You feel drained.
* * * LOW HITPOINT WARNING * * *
The wight attacks as you move away! The wight closely misses you.
You feel better. The wight barely misses you.
You shoot an arrow. The arrow hits the wight!
The wight is severely damaged.
The wight hits you with a +0 mace!
* * * LOW HITPOINT WARNING * * *
You feel drained.
* * * LOW HITPOINT WARNING * * *
You shoot an arrow.
The arrow hits the wight but does no damage.
The wight is severely damaged.
The wight hits you with a +0 mace!
* * * LOW HITPOINT WARNING * * *
You feel better. The wight hits you with a +0 mace!
* * * LOW HITPOINT WARNING * * *
You feel drained.
You die...

....# #.#.# #.#..#.#.. ##..#
#.#.# #.#..#.### #..#
#.#.####......... #..#
#.#..<..........# #..#
#.#..######...... #..#
#######....# ####### ##..#
#.....z.>.## # ....# #.####z####
# ##..# #.# #@# # ....# #.# #.#
# ##.## #.# #.## # ...# #.# #..#
# ##.########.# ##'# #
............#####.########## #
##.##########.........##...## #
#.#########..#######..###..## #
#.##....#_..###_._###.._#...####


You could see 2 wights.

Vanquished Creatures
  Sigmund (D:2)
  An orc wizard (D:3)
  3 gnolls (D:3)
  4 adders
  3 dart slugs
  2 orcs (D:3)
  8 ball pythons
  6 bats
  9 endoplasms
  8 goblins
  8 hobgoblins
  2 jackals (D:2)
  10 kobolds
  5 quokkas
  4 frilled lizards
  4 rats
78 creatures vanquished.

Notes
Turn   | Place    | Note
-------+----------+-------------------------------------------
     0 | D:1      | porpoise the Minotaur Hunter began the quest for the Orb.
     0 | D:1      | Reached XP level 1. HP: 18/18 MP: 0/0
   116 | D:1      | Reached XP level 2. HP: 25/25 MP: 1/1
   495 | D:1      | Reached skill level 5 in Ranged Weapons
   608 | D:1      | Reached XP level 3. HP: 31/31 MP: 2/2
  1213 | D:2      | Found a faded altar of an unknown god.
  1506 | D:2      | Reached XP level 4. HP: 38/38 MP: 3/3
  1618 | D:2      | Noticed Sigmund
  1625 | D:2      | Killed Sigmund
  1626 | D:2      | Reached skill level 6 in Ranged Weapons
  1626 | D:2      | Reached XP level 5. HP: 32/47 MP: 4/4
  2090 | D:3      | Found a faded altar of an unknown god.
  2090 | D:3      | Found a stormy altar of Qazlal.
  2098 | D:3      | Found an iron altar of Okawaru.
  2104 | D:3      | Found a faded altar of an unknown god.
  2106 | D:3      | Found an ornate altar of the Wu Jian Council.
  2173 | D:3      | Reached skill level 7 in Ranged Weapons
  2300 | D:3      | Reached XP level 6. HP: 53/53 MP: 5/5
  2694 | D:3      | Reached skill level 5 in Fighting
  2923 | D:3      | HP: 2/51 [wight/+0 mace (8)]
  2923 | D:3      | Slain by a wight

Illustrated notes

Levels and vault maps discovered:
D:1:      evilmike_arrival_hilbert_curve, layout_loops_corners, hex_tiny,
          minivault_27
D:2:      layout_loops_corners, dreamdust_ecumenical_altar_angels_and_demons,
          uniq_sigmund
D:3:      layout_loops_ring, chequers_temple_overflow_minitemple,
          minmay_misc_feat_roman
D:4:      layout_rooms, grunt_temple_overflow_order_and_chaos_1,
          mainiacjoe_overflow_catwalk, overflow_temple_1_default

Skill      XL: |  1  2  3  4  5  6 |
---------------+-------------------+-----
Fighting       | 3 4 5 |  5.0
Ranged Weapons | 5 6 7 |  7.3
Dodging        | |  2.1
Stealth        | |  0.7

Action                     |  1- 3 |  4- 6 || total
---------------------------+-------+-------++-------
   Fire: Shortbow          |   122 |    94 ||   216
    Use: Scroll            |       |     4 ||     4
         Potion            |       |     2 ||     2
 Armour: Leather armour    |     9 |     9 ||    18
  Dodge: Dodged            |    26 |    28 ||    54
